 Dungeon Crawl Stone Soup version 0.30-a0-737-gf23d94013f (webtiles) character file.

Game seed: 2797048490590150741

13577 Absynth the Cleaver (level 11, -2/99 HPs)
             Began as a Minotaur Fighter on Feb 1, 2023.
             Was a Believer of Makhleb.
             Slain by Fannar
             ... wielding a staff of cold
              (11 damage)
             ... on level 11 of the Dungeon.
             The game lasted 00:30:22 (12823 turns).

Absynth the Cleaver (Minotaur Fighter)             Turns: 12823, Time: 00:30:23

Health: -2/99      AC: 17    Str: 26    XL:     11   Next: 77%
Magic:  15/15      EV:  5    Int:  7    God:    Makhleb [**....]
Gold:   748        SH: 15    Dex: 10    Spells: 10/10 levels left

rFire   . . .      SeeInvis .    a - +1 war axe (venom)
rCold   . . .      Faith    .    y - +0 tower shield
rNeg    + . .      Spirit   .    L - +0 plate armour
rPois   .          Reflect  .    e - +0 hat
rElec   .          Harm     .    h - +0 cloak
rCorr   +          Rampage  .    n - +0 pair of gloves {Str+3}
Will    .....                    (no boots) Stlth
                                 (no amulet)
HPRegen 0.36/turn                D - ring of positive energy
MPRegen 0.14/turn                H - ring of resist corrosion

@: mighty
A: horns 2, retaliatory headbutt
a: Renounce Religion, Minor Destruction


You were on level 11 of the Dungeon.
You worshipped Makhleb.
Makhleb was pleased with you.
You visited 2 branches of the dungeon, and saw 12 of its levels.

You collected 761 gold pieces.
You spent 13 gold pieces at shops.

Inventory:

Hand Weapons
 a - a +1 war axe of venom (weapon)
 f - a +1 dagger of distortion
 u - a +1 flail of holy wrath
Missiles
 s - 9 poisoned darts (quivered)
 B - 11 curare-tipped darts
Armour
 b - a +0 scale mail
 c - a +0 buckler
 e - a +0 hat (worn)
 h - a +0 cloak (worn)
 n - a +0 pair of gloves of strength (worn)
 y - a +0 tower shield (worn)
 L - a +0 plate armour (worn)
Jewellery
 l - a ring of magical power
 D - a ring of positive energy (left hand)
 H - a ring of resist corrosion (right hand)
Wands
 I - a wand of charming (8)
 M - a wand of flame (5)
Scrolls
 g - a scroll of amnesia
 j - a scroll of enchant armour
 k - 2 scrolls of torment
 m - a scroll of fear
 o - a scroll of magic mapping
 q - 3 scrolls of butterflies
 r - a scroll of enchant weapon
 v - 3 scrolls of identify
 w - a scroll of teleportation
 A - a scroll of fog {unknown}
Potions
 i - 5 potions of flight
 p - 3 potions of cancellation {unknown}
 t - 2 potions of mutation
 x - a potion of brilliance {unknown}
 z - 2 potions of invisibility {unknown}
 E - a potion of magic {unknown}
 J - a potion of lignification {unknown}
 K - a potion of resistance {unknown}
Miscellaneous
 F - a piece from Xom's chessboard (15/15)


   Skills:
 + Level 10.1 Fighting
 * Level 13.6 Axes
 + Level 10.0 Armour
 + Level 10.1 Shields
 + Level 7.4 Invocations


You had 10 spell levels left.
You didn't know any spells.
Your spell library contained the following spells:

 Spells                   Type           Power      Damage    Failure   Level
 Beastly Appendage        Tmut           0%         N/A       100%        1
 Wereblood                Tmut           0%         N/A       100%        2
 Ozocubu's Armour         Ice            0%         N/A       100%        3
 Spider Form              Tmut/Pois      0%         N/A       100%        3
 Tukima's Dance           Hex            0%         N/A       100%        3
 Passage of Golubria      Tloc           0%         N/A       100%        4
 Summon Forest            Summ/Tloc      0%         N/A       100%        5
 Summon Mana Viper        Hex/Summ       0%         N/A       100%        5
 Yara's Violent Unravell  Hex/Tmut       0%         3d3       100%        5
 Summon Cactus Giant      Summ           0%         N/A       100%        6
 Ozocubu's Refrigeration  Ice            0%         4d7       100%        7
 Chain Lightning          Conj/Air       0%         N/A       100%        9
 Fire Storm               Conj/Fire      0%         5d1       100%        9
 Shatter                  Erth           0%         3d5*      100%        9


Dungeon Overview and Level Annotations

Branches:
Dungeon (11/15)            Temple (1/1) D:4            Lair (0/5) D:10
    Orc (0/2) D:10

Altars:
Ashenzari
Cheibriados
Dithmenos
Elyvilon
Fedhas
Gozag
Hepliaklqana
Kikubaaqudgha
Makhleb
Nemelex Xobeh
Okawaru
Qazlal
Ru
Sif Muna
Trog
Uskayaw
Vehumet
Wu Jian
Xom
Yredelemnul
Zin
The Shining One

Shops:
D:2 :   D:4 !

Annotations:
D:11 Fannar


Innate Abilities, Weirdness & Mutations

You have a pair of horns on your head.
You reflexively headbutt those who attack you in melee.


Message History

You miss Fannar.
Fannar is lightly wounded.
Fannar hits you but does no damage. Fannar freezes you!
* * * LOW HITPOINT WARNING * * *
You hit Fannar but do no damage.
Fannar looks as sick as possible!
Your headbutt misses Fannar.
Fannar is lightly wounded.
Fannar barely misses you.
You hit Fannar.
Fannar looks as sick as possible!
Fannar is lightly wounded.
Fannar hits you but does no damage. Fannar freezes you!
* * * LOW HITPOINT WARNING * * *
Fannar hits you but does no damage. Fannar freezes you!
* * * LOW HITPOINT WARNING * * *
You hit Fannar but do no damage. Your headbutt misses Fannar.
Fannar is lightly wounded.
Fannar brushes some snowflakes from their robe.
You block Fannar's attack.
There is an open door here.
You hit Fannar.
Fannar looks as sick as possible!
Fannar is moderately wounded.
Fannar hits you but does no damage. Fannar freezes you.
* * * LOW HITPOINT WARNING * * *
Okay, then.
Fannar attacks as you move away! You block Fannar's attack.
You miss Fannar. You headbutt Fannar, but do no damage.
Fannar is moderately wounded.
Fannar barely misses you. You furiously retaliate!
You headbutt Fannar! Fannar attacks as you move away!
Fannar hits you but does no damage. Fannar freezes you!
* * * LOW HITPOINT WARNING * * *
You closely miss Fannar.
Fannar is heavily wounded.
You block Fannar's attack.
You feel very mighty all of a sudden. You block Fannar's attack.
You miss Fannar.
Fannar is heavily wounded.
Fannar hits you but does no damage. Fannar freezes you!
You die...

##......................#.#......
##...................((.#.#......
#####'######...####.......# .....
## #.# #...# #..†....# ..... .#
#.# #...# #.(.....# ## .## #.#
#...# #.(.....#.. # ..# #.# #...#
#.......#.# #
..###+######...####.......#.# #
..##.......'...'@e'.......#.#####
..##.....###...####.........##...
...#.....# #...# #.....>...##.##
.#.+.....# #...# #.........##.##
.###.....# #...#########.......##
.####'#### #.........# ####..####
..)...# #.........# #..# #
......# ####.........######..# #
......# #....................# #


You could see Fannar (very poisoned).

Vanquished Creatures
  Gastronok (D:8)
  Josephine (D:9)
  A boulder beetle (D:11)
  2 two-headed ogres
  3 death yaks
  Sonja (D:11)
  An ugly thing (D:11)
  A deep elf pyromancer (D:11)
  A kobold demonologist (D:10)
  2 gargoyles (D:11)
  A troll (D:11)
  7 wraiths
  2 wyverns
  2 yaks (D:10)
  A basilisk (D:11)
  5 vampire mosquitoes
  Edmund (D:5)
  3 water moccasins
  5 orc warriors
  A black bear (D:5)
  2 sky beasts
  2 ice beasts
  3 ogres
  A centaur (D:10)
  2 phantoms
  A necrophage (D:5)
  3 scorpions
  9 killer bees (D:10)
  10 howler monkeys
  4 hounds
  A jelly (D:7)
  3 orc priests
  An iguana (D:5)
  11 orc wizards
  5 gnolls
  12 adders
  A shadow imp (D:8)
  4 white imps
  An ufetubus (D:5)
  5 dart slugs
  33 orcs
  5 bats
  8 endoplasms
  7 giant cockroaches
  13 hobgoblins
  14 jackals
  5 quokkas
  7 goblins
  6 kobolds
  7 rats
228 creatures vanquished.

Vanquished Creatures (others)
  An orc wizard (D:10)
1 creature vanquished.

Grand Total: 229 creatures vanquished

Notes
Turn   | Place    | Note
-------+----------+-------------------------------------------
     0 | D:1      | Absynth the Minotaur Fighter began the quest for the Orb.
     0 | D:1      | Reached XP level 1. HP: 19/19 MP: 0/0
    69 | D:1      | Reached XP level 2. HP: 18/27 MP: 1/1
    74 | D:1      | Reached skill level 3 in Axes
   168 | D:1      | You fall into a shaft and drop 1 floor!
   257 | D:1      | Reached XP level 3. HP: 26/33 MP: 2/2
  1300 | D:2      | Found Luokajun's Vocational Training.
  1516 | D:2      | Reached XP level 4. HP: 40/40 MP: 3/3
  1734 | D:2      | Found a faded altar of an unknown god.
  1831 | D:2      | Reached skill level 4 in Axes
  2140 | D:3      | Reached XP level 5. HP: 45/47 MP: 4/4
  2487 | D:4      | Identified the +1 robe of Inquiry {Drain rN+ Regen+}
  2569 | D:4      | Noticed a phantom
  2611 | D:4      | Killed a phantom
  2612 | D:4      | Reached skill level 5 in Axes
  2695 | D:4      | Found a staircase to the Ecumenical Temple.
  2698 | D:4      | Noticed an ogre
  2783 | Temple   | Entered the Ecumenical Temple
  2844 | Temple   | Became a worshipper of Makhleb the Destroyer
  2998 | D:4      | Found Hiacs's Distillery.
  3003 | D:4      | Bought a potion of degeneration for 13 gold pieces
  3020 | D:4      | Identified the +3 robe of the Unbearable God {*Corrode rF-
                  | Str+9}
  3151 | D:4      | Reached XP level 6. HP: 55/55 MP: 5/5
  3356 | D:4      | Reached skill level 5 in Armour
  3356 | D:4      | Reached skill level 5 in Shields
  3587 | D:5      | Entered Level 5 of the Dungeon
  3592 | D:5      | Reached skill level 5 in Fighting
  3592 | D:5      | Reached skill level 1 in Invocations
  3670 | D:5      | Reached skill level 6 in Axes
  3670 | D:5      | Reached XP level 7. HP: 42/61 MP: 5/7
  4071 | D:5      | Noticed Edmund
  4079 | D:5      | Killed Edmund
  4281 | D:5      | Reached skill level 7 in Axes
  4369 | D:5      | Reached XP level 8. HP: 54/70 MP: 8/8
  4571 | D:5      | Reached * piety under Makhleb
  4995 | D:6      | Found a sacrificial altar of Ru.
  5804 | D:7      | Reached skill level 8 in Axes
  6163 | D:7      | Reached XP level 9. HP: 24/78 MP: 10/10
  6934 | D:7      | Reached skill level 9 in Axes
  7431 | D:8      | Noticed Gastronok
  7905 | D:8      | Killed Gastronok
  7906 | D:8      | Reached skill level 10 in Axes
  7906 | D:8      | Reached skill level 5 in Invocations
  8280 | D:9      | Reached XP level 10. HP: 88/88 MP: 12/12
  8695 | D:10     | Entered Level 10 of the Dungeon
  8696 | D:10     | Found a glowing golden altar of the Shining One.
  8701 | D:10     | Found a shadowy altar of Dithmenos.
  8701 | D:10     | Found a sparkling altar of Nemelex Xobeh.
  8701 | D:10     | Noticed a two-headed ogre
  8738 | D:10     | Noticed a death yak
  8739 | D:10     | Found a staircase to the Lair.
  8746 | D:10     | Noticed a death yak
  8747 | D:10     | Noticed a death yak
  8766 | D:9      | HP: 1/88 [death yak (21)]
  8786 | D:9      | Killed a death yak
  8786 | D:9      | Reached ** piety under Makhleb
  8786 | D:9      | Killed a death yak
  8787 | D:9      | Reached skill level 11 in Axes
  9254 | D:10     | HP: 4/90 [poisoned by a killer bee]
  9824 | D:10     | Found a staircase to the Orcish Mines.
 10043 | D:10     | Killed a death yak
 10044 | D:10     | Reached skill level 12 in Axes
 10229 | D:10     | Killed a two-headed ogre
 10237 | D:10     | Noticed a smoke demon
 10238 | D:10     | Reached XP level 11. HP: 97/97 MP: 14/14
 10373 | D:10     | Noticed Josephine
 10430 | D:9      | Killed Josephine
 11017 | D:11     | Noticed a two-headed ogre
 11038 | D:11     | Killed a two-headed ogre
 11112 | D:11     | Noticed Sonja
 11175 | D:11     | Noticed a cyan ugly thing
 11190 | D:11     | Killed a cyan ugly thing
 11191 | D:11     | Reached skill level 13 in Axes
 11496 | D:11     | Killed Sonja
 11744 | D:11     | Reached *** piety under Makhleb
 12089 | D:11     | Noticed a deep elf pyromancer
 12103 | D:11     | Killed a deep elf pyromancer
 12104 | D:11     | Reached skill level 10 in Shields
 12395 | D:11     | Reached skill level 10 in Fighting
 12395 | D:11     | Reached skill level 10 in Armour
 12750 | D:11     | Noticed a boulder beetle
 12766 | D:11     | Killed a boulder beetle
 12798 | D:11     | Noticed Fannar
 12823 | D:11     | Slain by Fannar

Illustrated notes

Levels and vault maps discovered:
D:1:      sevenhm_arrival_forest_fort_small_3, layout_basic,
          kennysheep_nondescript
D:2:      layout_loops_ring, dreamdust_ecumenical_altar_hidden_monk_grotto,
          grunt_ministairs_5, minmay_misc_feat_iff, nicolae_shop_vocational
D:3:      layout_basic, nicolae_half_adder
D:4:      layout_gridville, minmay_temple_entry_mist, serial_shops, shop
D:5:      layout_loops_ring, uniq_edmund
D:6:      layout_loops_corners, hangedman_ru_absence
D:7:      layout_basic, nicolae_elevator_lobby_plus
D:8:      layout_basic, uniq_gastronok
D:9:      layout_roguey
D:10:     layout_gridville, grunt_temple_overflow_open, dpeg_lair_monsters,
          hiddenorc1_lemuel, uniq_josephine
D:11:     layout_basic, minmay_diced_spiral, uniq_sonja, uniq_fannar,
          uniq_amaemon
Temple:   hc_temple_tempest_star

Skill      XL: |  1  2  3  4  5  6  7  8  9 10 11 |
---------------+----------------------------------+-----
Axes           | 3 4 5 6 7 8 10 12 13 | 13.6
Fighting       | 4 5 6 7 9 10 | 10.1
Armour         | 4 5 6 7 9 10 | 10.0
Shields        | 4 5 6 7 9 10 | 10.1
Invocations    | 1 2 3 5 6 7 |  7.4

Action                     |  1- 3 |  4- 6 |  7- 9 | 10-12 || total
---------------------------+-------+-------+-------+-------++-------
  Melee: War axe           |    90 |   122 |   258 |   184 ||   654
         Headbutt          |     6 |    16 |    39 |    69 ||   130
         Hand axe          |       |       |       |    98 ||    98
  Throw: Dart              |       |       |     5 |    22 ||    27
 Invoke: Minor Destruction |       |       |       |     3 ||     3
    Use: Scroll            |       |       |     6 |    14 ||    20
         Potion            |       |       |     6 |     7 ||    13
   Stab: Distracted        |       |       |       |     1 ||     1
 Armour: Scale mail        |    43 |    68 |    81 |       ||   192
         Plate armour      |       |       |     8 |   159 ||   167
  Dodge: Dodged            |    53 |    64 |    63 |    47 ||   227
  Block: Buckler           |    27 |    20 |    14 |       ||    61
         Tower shield      |       |       |    91 |   275 ||   366

Table legend: (Time is in decaauts)
 A = Elapsed time spent in this place.
 B = Non-inter-level travel time spent in this place.
 C = Inter-level travel time spent in this place.
 D = Time resting spent in this place.
 E = Time spent auto-exploring this place.
 F = Levels seen in this place.
 G = Mean time per level.
                   A        B        C        D        E       F      G
               +--------+--------+--------+--------+--------+-----+--------+
         Total |  13119 |  12636 |    483 |   2611 |   7585 |  12 | 1093.2 |
       Dungeon |  12915 |  12445 |    470 |   2611 |   7417 |  11 | 1174.1 |
        Temple |    203 |    190 |     13 |      0 |    168 |   1 |  203.0 |
               +--------+--------+--------+--------+--------+-----+--------+

Top non-repeatable levels by time:
    D:10: 1989 daAuts
    D:11: 1755 daAuts
     D:7: 1579 daAuts
     D:5: 1208 daAuts
     D:1: 1083 daAuts
     D:8: 999 daAuts
     D:6: 997 daAuts
     D:9: 929 daAuts
     D:4: 883 daAuts
     D:2: 749 daAuts
     D:3: 738 daAuts
  Temple: 203 daAuts
